 Dungeon Crawl Stone Soup version 0.29.0-4-gdea44cf6ec (webtiles) character file.

Game seed: 4656235293408902185

61 qw the Chopper (level 4, -1/26 HPs)
             Began as a Tengu Warper on Aug 28, 2022.
             Slain by a frilled lizard (3 damage)
             ... on level 2 of the Dungeon.
             The game lasted 00:00:08 (2011 turns).

qw the Chopper (Tengu Warper)                       Turns: 2011, Time: 00:00:08

Health: -1/26      AC:  3    Str: 11 (14) XL:     4   Next: 7%
Magic:  8/8        EV: 11    Int: 13      God:
Gold:   101        SH:  0    Dex: 12 (13) Spells: 7/7 levels left

rFire   . . .      SeeInvis .   Y - +0 hand axe
rCold   . . .      Faith    .   (no shield)
rNeg    . . .      Spirit   .   b - +0 leather armour
rPois   .          Reflect  .   (helmet restricted)
rElec   .          Harm     .   (no cloak)
rCorr   .          Rampage  .   (no gloves)
Will    .....                   (boots unavailable)
Stlth   +.........              (no amulet)
HPRegen 0.08/turn               (no ring)
MPRegen 0.11/turn               (no ring)

@: lethally poisoned (-1 -> -6), about to teleport
A: beak, talons 3
a: no special abilities


You were on level 2 of the Dungeon.
You visited 1 branch of the dungeon, and saw 2 of its levels.

You collected 101 gold pieces.


Innate Abilities, Weirdness & Mutations

You have a beak for a mouth.
You have claws for feet.


   Skills:
 - Level 2.0 Fighting
 + Level 4.6 Axes
 - Level 1.0 Throwing
 - Level 1.1 Armour
 - Level 2.1 Dodging
 - Level 2.0 Spellcasting
 - Level 2.4 Translocations


You had 7 spell levels left.
You didn't know any spells.
Your spell library contained the following spells:

 Spells                   Type           Power      Damage    Failure   Level
 Blink                    Tloc           14%        N/A       19%         2
 Gell's Gravitas          Tloc           7%         N/A       36%         3
 Lesser Beckoning         Tloc           7%         N/A       36%         3
 Teleport Other           Tloc           7%         N/A       36%         3
 Manifold Assault         Tloc           7%         N/A       98%         5

Inventory:

Hand Weapons
 h - a +0 mace
 Y - a +0 hand axe (weapon)
Armour
 a - a +0 ring mail
 b - a +0 leather armour (worn)
 j - a +0 chain mail
Jewellery
 c - an amulet of the acrobat
 f - a ring of ice
Scrolls
 g - 3 scrolls of teleportation
Potions
 e - a potion of heal wounds {unknown}
 i - 2 potions of attraction {unknown}

Dungeon Overview and Level Annotations

Branches:
Dungeon (2/15)

Altars:
Ashenzari


Message History

The adder hisses angrily.
You barely miss the adder. You claw the adder, but do no damage.
Your peck misses the adder. The adder bites you. x2
You hit the adder but do no damage. Your peck misses the adder.
The adder bites you but does no damage.
You hit the adder but do no damage. The adder closely misses you.
You barely miss the adder. You peck the adder.
The adder is lightly wounded.
The adder closely misses you. The adder barely misses you.
You hit the adder. Your kick misses the adder.
The adder is moderately wounded.
The adder bites you.
You slash the adder! Your kick misses the adder.
The adder is almost dead.
The adder bites you. The adder closely misses you.
You barely miss the adder.
The adder is almost dead.
The adder bites you.
You are poisoned.
The adder poisons you!
You miss the adder.
The adder is almost dead.
You feel sick. The adder bites you.
You are lethally poisoned!
The adder poisons you!
You barely miss the adder. You claw the adder.
You kill the adder!
You feel very sick.
You have reached level 4!
You feel stronger.
2010 ||| READING 4 scrolls of teleportation.
As you read the scroll of teleportation, it crumbles to dust.
You feel strangely unstable.
You feel sick.
The frilled lizard bites you but does no damage.
You hit the frilled lizard.
The frilled lizard is heavily wounded.
You feel sick. The frilled lizard bites you.
You die...

.#######
#.......#
...#
####..._..##
##.#
..........#
...#
####......#
####
###.#### ###
#....# ..# .
####%# #.#
>...######)#
#.#
......l@...#
..#
.....#######
### ... . .
#


You could see a frilled lizard.

Vanquished Creatures
  2 adders (D:2)
  A worm (D:2)
  6 ball pythons
  3 bats (D:1)
  4 endoplasms
  A giant cockroach (D:2)
  A goblin (D:1)
  3 hobgoblins (D:1)
  4 jackals (D:1)
  2 kobolds
  2 quokkas (D:1)
  6 frilled lizards
  4 rats
39 creatures vanquished.

Notes
Turn   | Place    | Note
-------+----------+-------------------------------------------
     0 | D:1      | qw the Tengu Warper began the quest for the Orb.
     0 | D:1      | Reached XP level 1. HP: 12/12 MP: 4/4
     0 | D:1      | 0 ||| qw: Version: 0.1-a-89-g26bdef1
     0 | D:1      | 0 ||| qw: Game counter: 314
     0 | D:1      | 0 ||| qw: Always use a shield: true
     0 | D:1      | 0 ||| qw: God list: Okawaru
     0 | D:1      | 0 ||| qw: Allow faded altars: false
     0 | D:1      | 0 ||| qw: Do Orc after D:15 true
     0 | D:1      | 0 ||| qw: Do second Lair branch before Depths: true
     0 | D:1      | 0 ||| qw: Lair rune preference: random
     0 | D:1      | 0 ||| qw: Plans: Normal
     0 | D:1      | 0 ||| PLANNING D:1-11
   157 | D:1      | Found a faded altar of an unknown god.
   215 | D:1      | HP: 3/12 [jackal (1)]
   216 | D:1      | Reached skill level 3 in Axes
   216 | D:1      | Reached XP level 2. HP: 5/17 MP: 6/6
   763 | D:1      | Reached XP level 3. HP: 21/21 MP: 7/7
  1118 | D:1      | 1118 ||| READING scroll labelled LIUJYI DYMMEL.
  1119 | D:1      | 1119 ||| READING 3 scrolls labelled ROK MEETSARRAF.
  1120 | D:1      | 1120 ||| READING scroll labelled XUMAUXK NOIQ.
  1125 | D:1      | 1125 ||| DRINKING 2 glowing amethyst potions.
  1126 | D:1      | 1126 ||| DROPPING scroll of blinking.
  1127 | D:1      | 1127 ||| DROPPING 2 scrolls of noise.
  1128 | D:1      | 1128 ||| DROPPING potion of degeneration.
  1358 | D:2      | Reached skill level 4 in Axes
  1659 | D:2      | 1659 ||| Stepping ~*~*~tactically~*~*~ (stealth).
  1860 | D:2      | Found a broken altar of Ashenzari.
  1861 | D:2      | 1861 ||| DROPPING +0 club.
  2009 | D:2      | HP: 4/21 [poisoned by an adder]
  2010 | D:2      | Reached XP level 4. HP: 5/26 MP: 8/8
  2010 | D:2      | 2010 ||| READING 4 scrolls of teleportation.
  2011 | D:2      | Slain by a frilled lizard

Levels and vault maps discovered:
D:1:      erik_arrival_triangle_large, layout_loops_ring,
          chequers_ecumenical_altar_simple_redux
D:2:      layout_basic, basic_altar, minmay_small_reverse_x

Skill      XL: |  1  2  3 |
---------------+----------+-----
Axes           | 3 4 |  4.6
Fighting       | |  2.0
Throwing       | |  1.0
Armour         | |  1.1
Dodging        | |  2.1
Spellcasting   | |  2.0
Translocations | |  2.4

Action                   |  1- 3 |  4- 6 || total
-------------------------+-------+-------++-------
Melee: Hand axe          |    74 |     1 ||    75
       Kick              |    19 |       ||    19
       Peck              |     8 |       ||     8
Throw: Boomerang         |     7 |       ||     7
  Use: Scroll            |     3 |     1 ||     4
       Potion            |     1 |       ||     1
Armor: Leather armour    |    13 |     1 ||    14
Dodge: Dodged            |    28 |       ||    28

Table legend:
 A = Non-vault XP
 B = Vault XP
 C = Vault XP percentage of total XP
 D = Non-vault monster count
 E = Vault monster count
 F = Vault count percentage of total count
                 A         B        C        D         E       F
            +---------+---------+-------+---------+---------+-------
      Total |      83 |       5 |   5.7 |      35 |       4 |  10.3
            +---------+---------+-------+---------+---------+-------
        D:1 |      40 |       0 |   0.0 |      24 |       0 |   0.0
        D:2 |      43 |       5 |  10.4 |      11 |       4 |  26.7
            +---------+---------+-------+---------+---------+-------
